 Dungeon Crawl Stone Soup version 0.18-a0-1649-g8d9735b (webtiles) character file.

3447 harcile the Firebug (level 10, -2/70 HPs)
             Began as a Human Fire Elementalist on Mar 24, 2016.
             Killed from afar by a spriggan baker (21 damage)
             ... with a wand of lightning
             ... on level 7 of the Dungeon on Mar 29, 2016.
             The game lasted 02:46:27 (6198 turns).

harcile the Firebug (Human Fire Elementalist)       Turns: 6198, Time: 02:46:28

Health: -2/70      AC: 11    Str:  8    XL:     10   Next: 26%
Magic:  10/19      EV: 12    Int: 20    God:
Gold:   398        SH:  5    Dex: 11    Spells: 7 memorised, 2 levels left

rFire  + + +     SeeInvis .     z - +3 quarterstaff (chaos)
rCold  . . .     Gourm    .     O - +0 ring mail
rNeg   . . .     Faith    .     (shield currently unavailable)
rPois  .         Spirit   .     s - +0 helmet (curse)
rElec  .         Dismiss  .     A - +0 cloak {MR+}
rCorr  .         Reflect  +     (no gloves)
SustAt .         Harm     .     v - +0 pair of boots
MR     +....     Clarity  +     i - +5 amulet of reflection
Stlth  +.........               P - +2 ring of protection
                                S - ring of fire

@: somewhat resistant to hostile enchantments, very unstealthy
A: berserk 1, clarity, clever 1, clumsy 2, cold resistance 1, fire resistance 2,
MP-powered wands
a: no special abilities


You were on level 7 of the Dungeon.
You were not hungry.

You visited 2 branches of the dungeon, and saw 8 of its levels.

You collected 398 gold pieces.

Inventory:

Hand Weapons
 f - a +1 dagger
 j - a +1 dagger of chaos
 k - a +0 short sword of speed
 z - a +3 quarterstaff of chaos (weapon)
 B - a +0 scythe
 D - a +0 halberd
 M - a +3 short sword
 N - a +0 morningstar
Missiles
 g - 13 poisoned needles
Armour
 a - a +0 robe
 s - a cursed +0 helmet (worn)
 v - a +0 pair of boots (worn)
 x - a +0 leather armour
 y - a troll hide {Purgy}
 A - a +0 cloak of magic resistance (worn)
 O - a +0 ring mail (worn)
Jewellery
 d - an uncursed amulet of the gourmand
 i - a +5 amulet of reflection (around neck)
 r - a +6 ring of strength
 P - a +2 ring of protection (right hand)
 S - a ring of fire (left hand)
Wands
 l - a wand of enslavement (1/24)
 q - a wand of flame (10/48)
 t - a wand of teleportation (2/9)
 H - a wand of acid (14/15)
 K - a wand of slowing (23/48)
Scrolls
 e - 6 scrolls of remove curse
 h - 5 scrolls of identify
 m - a scroll of enchant weapon
 p - a scroll of amnesia
 L - a scroll of fog
 T - a scroll of magic mapping
Potions
 o - 2 potions of lignification
 u - a potion of resistance
 J - 2 potions of invisibility
Books
 b - a book of Flames

   Spells                             Type                      Level
   a - Flame Tongue                   Conjuration/Fire             1
   b - Throw Flame                    Conjuration/Fire             2
   c - Conjure Flame                  Conjuration/Fire             3
   d - Inner Flame                    Hexes/Fire                   3
   e - Sticky Flame                   Conjuration/Fire             4
   f - Fireball                       Conjuration/Fire             5
 n - a book of Spatial Translocations

   Spells                             Type                      Level
   a - Apportation                    Translocation                1
   b - Blink                          Translocation                2
   c - Shroud of Golubria             Charms/Translocation         2
   d - Portal Projectile              Translocation                3
   e - Teleport Other                 Translocation                3
   f - Passage of Golubria            Translocation                4
 G - a book of Unlife

   Spells                             Type                      Level
   a - Recall                         Summoning/Translocation      3
   b - Animate Dead                   Necromancy                   4
   c - Control Undead                 Necromancy                   4
   d - Cigotuvi's Embrace             Necromancy                   5
   e - Death Channel                  Necromancy                   6
   f - Simulacrum                     Ice/Necromancy               6
Comestibles
 c - 3 bread rations
 C - a royal jelly
 E - 2 slices of pizza
 F - 7 meat rations


   Skills:
 + Level 3.4 Fighting
 + Level 1.9(2.2) Polearms
 + Level 1.7(2.1) Staves
 + Level 3.8 Armour
 + Level 6.4 Dodging
 + Level 2.8 Stealth
 + Level 6.3 Spellcasting
 + Level 5.7 Conjurations
 + Level 0.2 Charms
 + Level 0.8 Translocations
 + Level 6.6 Fire Magic
 + Level 0.2 Evocations


You had 2 spell levels left.
You knew the following spells:

 Your Spells              Type           Power        Failure   Level  Hunger
a - Throw Flame           Conj/Fire      #####.       3%          2    None
b - Blink                 Tloc           N/A          34%         2    None
c - Conjure Flame         Conj/Fire      #####...     10%         3    ##.....
g - Shroud of Golubria    Chrm/Tloc      #.........   34%         2    None
s - Sticky Flame          Conj/Fire      #####...     24%         4    ####...
x - Fireball              Conj/Fire      #####.....   71%         5    #####..
z - Flame Tongue          Conj/Fire      #####        2%          1    None


Dungeon Overview and Level Annotations

Branches:
Dungeon (7/15)             Temple (1/1) D:5

Altars:
Ashenzari
Cheibriados
Dithmenos
Elyvilon
Fedhas
Gozag
Kikubaaqudgha
Makhleb
Nemelex Xobeh
Okawaru
Pakellas
Qazlal
Ru
Trog
Xom
Yredelemnul
Zin
The Shining One

Annotations:
D:4 PeterLawrence's ghost, amateur GrFi


Innate Abilities, Weirdness & Mutations

You tend to lose your temper in combat.
You possess an exceptional clarity of mind.
Your mind is acute. (Int +2)
You are very clumsy. (Dex -4)
Your flesh is cold resistant.
Your flesh is very heat resistant.
You expend magic power (3 MP) to strengthen your wands.


Message History

Your cursed +0 helmet unmelds from your body.
Your +0 pair of boots unmelds from your body.
Your +0 ring mail unmelds from your body.
You feel resistant to hostile enchantments.
You start resting.
You feel a little less mighty now.
You start resting.
All of the chunks of flesh in your inventory have rotted away.
A spriggan baker comes into view. It is wielding a scimitar.
Casting: Sticky Flame
Confirm with . or Enter, or press ? or * to list all spells.
Aiming: Throw Flame
Press: ? - help, Shift-Dir - straight line, f - spriggan baker
Aim: a spriggan baker, wielding a scimitar and wearing a robe (hasn't noticed you)
You feel a surge of power!
The puff of flame hits the spriggan baker.
The spriggan baker is heavily wounded.
The spriggan baker shouts!
The spriggan baker zaps a wand.
The bolt of lightning hits you!
You die...

...... ## .....### ##.
###......# ##..
.'......# ##...
#......# ##...# .
#......# ###...## ..
#......# ###.(..##
...# #####..###.....##
.....##†@†...)......##
#......†##........###
##......##.#....###
#.........y#######
#..####.....yy.... #i
####...##### # #...#
#...# ##...#


You could see a spriggan baker.

Vanquished Creatures
  Grinder (D:5)
  Prince Ribbit (D:7)
  A shadow (D:6)
  Sigmund (D:3)
  A sky beast (D:6)
  The ghost of MordorOrchid the Ducker, an amateur OgAM (D:3)
  Purgy (D:3)
  2 ice beasts
  6 ogres
  A big kobold (D:7)
  5 giant frogs
  6 killer bees (D:7)
  3 crimson imps
  A quasit (D:6)
  2 centaur zombies
  A giant frog zombie (D:6)
  2 hounds
  A jelly (D:5)
  5 orc priests
  Crazy Yiuf (D:3)
  2 iguanas
  2 orc wizards (D:6)
  A worker ant (D:6)
  Natasha (thrice) (D:2)
  A killer bee zombie (D:5)
  2 hound skeletons
  Robin (D:2)
  10 gnolls
  7 adders
  2 shadow imps
  An ooze (D:1)
  An adder zombie (D:6)
  An adder skeleton (D:5)
  A worm (D:3)
  2 dart slugs
  2 giant geckos
  21 orcs
  2 ball pythons
  7 giant cockroaches
  23 goblins
  11 hobgoblins
  8 jackals
  15 kobolds
  2 quokkas
  5 bats
  3 giant newts
  A jackal skeleton (D:4)
  8 rats
188 creatures vanquished.

Vanquished Creatures (others)
  A centaur (D:6)
1 creature vanquished.

Grand Total: 189 creatures vanquished

Notes
Turn   | Place    | Note
--------------------------------------------------------------
     0 | D:1      | harcile the Human Fire Elementalist began the quest for the Orb.
     0 | D:1      | Reached XP level 1. HP: 13/13 MP: 3/3
   116 | D:1      | Reached XP level 2. HP: 17/19 MP: 0/5
   350 | D:1      | Reached XP level 3. HP: 5/24 MP: 0/6
   442 | D:1      | You fall through a shaft!
   563 | D:2      | Noticed Robin
   626 | D:2      | Reached XP level 4. HP: 13/30 MP: 0/7
   929 | D:2      | Noticed Natasha
   933 | D:2      | Killed Natasha
  1080 | D:2      | Noticed Natasha
  1081 | D:2      | Found a blossoming altar of Fedhas.
  1085 | D:2      | Killed Natasha
  1085 | D:2      | Reached XP level 5. HP: 22/36 MP: 4/9
  1114 | D:2      | Noticed Natasha
  1122 | D:2      | Killed Natasha
  1265 | D:2      | Killed Robin
  1415 | D:1      | Learned a level 2 spell: Throw Flame
  1418 | D:1      | Learned a level 2 spell: Blink
  1422 | D:1      | Learned a level 2 spell: Shroud of Golubria
  1426 | D:1      | Learned a level 3 spell: Conjure Flame
  1538 | D:1      | Found a sparkling altar of Nemelex Xobeh.
  2044 | D:3      | Noticed MordorOrchid's ghost (amateur OgAM)
  2329 | D:3      | Noticed Crazy Yiuf
  2334 | D:3      | Killed Crazy Yiuf
  2334 | D:3      | Reached XP level 6. HP: 24/42 MP: 2/11
  2529 | D:3      | Killed MordorOrchid's ghost
  2529 | D:3      | Reached skill level 1 in Fighting
  2534 | D:3      | Noticed Purgy
  2584 | D:3      | Killed Purgy
  2584 | D:3      | Reached XP level 7. HP: 16/48 MP: 2/13
  2665 | D:3      | Found a glowing golden altar of the Shining One.
  2665 | D:3      | Found a white marble altar of Elyvilon.
  2665 | D:3      | Found a glowing silver altar of Zin.
  2741 | D:3      | Found a sacrificial altar of Ru.
  2741 | D:3      | Found a stormy altar of Qazlal.
  2766 | D:3      | Reached skill level 1 in Staves
  2771 | D:3      | Noticed Sigmund
  2779 | D:3      | Killed Sigmund
  2779 | D:3      | Reached skill level 1 in Armour
  3285 | D:4      | Noticed PeterLawrence's ghost (amateur GrFi)
  3648 | D:5      | Entered Level 5 of the Dungeon
  3673 | D:5      | Reached XP level 8. HP: 46/55 MP: 14/14
  3781 | D:5      | Learned a level 4 spell: Sticky Flame
  3811 | D:5      | Noticed Grinder
  3874 | D:5      | Killed Grinder
  3874 | D:5      | Reached skill level 1 in Polearms
  3874 | D:5      | Reached skill level 5 in Fire Magic
  4057 | D:5      | Found a staircase to the Ecumenical Temple.
  4082 | Temple   | Entered the Ecumenical Temple
  4179 | Temple   | Gained mutation: You are clumsy. (Dex -2) [potion of mutation]
  4179 | Temple   | Gained mutation: Your flesh is heat resistant. [potion of mutation]
  4179 | Temple   | Gained mutation: You are very clumsy. (Dex -4) [potion of mutation]
  4180 | Temple   | Gained mutation: Your flesh is cold resistant. [potion of mutation]
  4180 | Temple   | Gained mutation: Your flesh is very heat resistant. [potion of mutation]
  4180 | Temple   | Gained mutation: You expend magic power (3 MP) to strengthen your wands. [potion of mutation]
  4184 | Temple   | Gained mutation: Your mind is acute. (Int +2) [potion of mutation]
  4184 | Temple   | Gained mutation: You possess an exceptional clarity of mind. [potion of mutation]
  4184 | Temple   | Gained mutation: You tend to lose your temper in combat. [potion of mutation]
  4225 | D:5      | Found an oddly glowing altar of Pakellas.
  4529 | D:5      | Reached XP level 9. HP: 62/62 MP: 4/16
  4692 | D:5      | Reached skill level 5 in Spellcasting
  4693 | D:5      | Upgraded the game from 0.18-a0-1577-gf591c28 to 0.18-a0-1649-g8d9735b
  4951 | D:6      | Reached skill level 5 in Dodging
  5019 | D:6      | Found a shimmering altar of Xom.
  5019 | D:6      | Found a burning altar of Makhleb.
  5689 | D:6      | Reached skill level 5 in Conjurations
  5714 | D:6      | Learned a level 5 spell: Fireball
  5895 | D:7      | Found an opulent altar of Gozag.
  5976 | D:7      | Found a glowing silver altar of Zin.
  6002 | D:7      | Noticed Prince Ribbit
  6013 | D:7      | Killed Prince Ribbit
  6013 | D:7      | Reached XP level 10. HP: 69/69 MP: 7/19
  6128 | D:7      | HP: 1/105 [killer bee (6)]
  6198 | D:7      | Killed from afar by a spriggan baker

Vault maps used:
D:1:      minmay_arrival_hallway, minmay_misc_feat_secret_circle,
          grunt_decor_one_mirror, nemelex_deck
D:2:      fedhas_altar_2, uniq_robin, uniq_natasha
D:3:      good_gods_mini_temple, gammafunk_temple_overflow_statue, serial_glass,
          glass_columns_c, glass_columns_a, uniq_crazy_yiuf_cottage, uniq_purgy,
          uniq_sigmund
D:4:      vehumet_statue, first_bread, minmay_ruptured
D:5:      grunt_pakellas_basics, minmay_temple_entry_grid, minmay_ogre_servants,
          uniq_grinder
D:6:      kennysheep_big_flooded_room, grunt_temple_overflow_champion_of_chaos
D:7:      grunt_gozag_statues, basic_altar, serial_curves, eino_curves_02,
          eino_curves_01, the_bakery, uniq_prince_ribbit1
Temple:   cyrus_temple_forest_13

Skill      XL: |  1  2  3  4  5  6  7  8  9 10 |
---------------+-------------------------------+-----
Dodging        | 3 4 5 6 |  6.4
Spellcasting   | 3 4 6 |  6.3
Fire Magic     | 4 5 6 |  6.6
Conjurations   | 2 3 4 5 |  5.7
Fighting       | 1 2 3 |  3.4
Staves         | 1 |  1.7
Armour         | 1 2 3 |  3.8
Polearms       | 1 |  1.9
Stealth        | |  2.8
Charms         | |  0.2
Translocations | |  0.8
Evocations     | |  0.2

Action                   |  1- 3 |  4- 6 |  7- 9 | 10-12 || total
-------------------------+-------+-------+-------+-------++-------
Melee: Unarmed           |    13 |       |       |       ||    13
       Dagger            |     9 |    26 |     4 |       ||    39
       Short sword       |       |     9 |       |     5 ||    14
       Quarterstaff      |       |    28 |    34 |    34 ||    96
       Scythe            |       |       |   166 |       ||   166
 Cast: Flame Tongue      |    45 |    84 |   114 |     2 ||   245
       Throw Flame       |       |    21 |    68 |     1 ||    90
       Conjure Flame     |       |     2 |    21 |       ||    23
       Blink             |       |     1 |     2 |       ||     3
       Shroud of Golubri |       |       |     1 |       ||     1
       Sticky Flame      |       |       |    11 |     4 ||    15
Evoke: Wand              |       |     5 |     4 |       ||     9
  Use: Scroll            |     2 |     6 |     4 |     2 ||    14
       Potion            |     1 |       |    13 |     3 ||    17
 Stab: Invisible         |       |       |     1 |       ||     1
  Eat: Chunk             |     3 |    12 |    17 |       ||    32
